AoeStats
← Coniopolis

Golden Pit

509981783Analyzed
1v1 RM · 2d ago on Sep 28, 2026· 29m 34s· 2 players
Game mode
Random Map
Map size
Tiny (2 player)
Population
200
Speed
Normal
Resources
Standard
Victory
Conquest
Starting age
Dark Age
Ending age
Imperial Age
RankedLock teamsTeams togetherTeam positionsShared explorationLock speedFull tech treeHidden civsTurbo modeCheats
Victory
Defeat
🇳🇱 Italians · Netherlands
1183
+16
🇦🇷 Japanese · Argentina
1178
-16
Coniopolis
7:47 Loom
10:27 Feudal Age
10:51 Man-at-Arms
11:20 Double-Bit Axe
11:49 Arson
14:16 Horse Collar
15:34 Scale Mail Armor
17:27 Fletching
27:47 Castle Age
28:39 Wheelbarrow
28:23 Bloodlines
29:02 Bow Saw
Raudius
5:58 Loom
9:20 Feudal Age
10:26 Double-Bit Axe
13:59 Fletching
21:22 Padded Archer Armor
25:46 Castle Age
24:13 Horse Collar
24:50 Bloodlines
24:47 Scale Barding Armor
24:52 Forging
27:14 Wheelbarrow
26:15 Crossbowman
28:13 Husbandry
29:24 Bodkin Arrow
Connection lost

Rejoining the realm…

Still unreachable

The connection could not be restored.

Session expired

The server has moved on; the page needs a fresh start.